 Dungeon Crawl Stone Soup version 0.22.0-18-ge075c0d (webtiles) character file.

1620 Lavandula the Cleaver (level 8, 0/100 HPs)
             Began as a Centaur Berserker on Aug 18, 2018.
             Was a Priest of Trog.
             Slain by a killer bee simulacrum (4 damage)
             ... on level 5 of the Dungeon.
             The game lasted 00:14:18 (2597 turns).

Lavandula the Cleaver (Centaur Berserker)           Turns: 2597, Time: 00:14:18

Health: 0/100      AC:  6    Str: 28    XL:     8   Next: 64%
Magic:  10/10      EV:  9    Int:  6    God:    Trog [***...]
Gold:   234        SH:  0    Dex:  8    Spells: 7/7 levels left

rFire    . . .     SeeInvis +   a - +0 hand axe
rCold    . . .     Gourm    .   (no shield)
rNeg     . . .     Faith    .   n - +2 leather armour {MR+}
rPois    .         Spirit   .   (no helmet)
rElec    .         Reflect  .   (no cloak)
rCorr    .         Harm     .   (no gloves)
MR       +++..                  (no barding)
Stlth    ..........             l - amulet of the acrobat
HPRegen  1.26/turn              e - ring of see invisible
MPRegen  0.12/turn              (no ring)

@: berserking, regenerating, very quick
A: large, hooves 3, deformed body, speed 2, tough skin 3
a: Berserk, Trog's Hand, Renounce Religion


You were on level 5 of the Dungeon.
You worshipped Trog.
Trog was most pleased with you.
You were very hungry.

You visited 1 branch of the dungeon, and saw 6 of its levels.

You collected 234 gold pieces.

Inventory:

Hand Weapons
 a - a +0 hand axe (weapon)
 A - a +0 spear of venom
Missiles
 f - 11 tomahawks (quivered)
 y - 2 throwing nets
Armour
 b - a +0 animal skin
 g - a +0 buckler
 j - a +0 ring mail
 n - a +2 leather armour of magic resistance (worn)
 v - a +2 robe of the Archmagi
 x - a +2 leather armour of cold resistance
 C - a +2 robe of fire resistance
Jewellery
 e - a ring of see invisible (left hand)
 l - an amulet of the acrobat (around neck)
Wands
 k - a wand of random effects (28)
 t - a wand of polymorph (26)
 w - a wand of digging (13)
Scrolls
 d - a scroll of fear
 h - 3 scrolls of immolation
 m - 2 scrolls of enchant armour {unknown}
 o - 4 scrolls of remove curse
 p - 2 scrolls of blinking {unknown}
 q - a scroll of fog {unknown}
 r - 2 scrolls of magic mapping
Potions
 i - a potion of agility
 s - a potion of brilliance
 u - a potion of resistance {unknown}
 B - a potion of invisibility {unknown}
Comestibles
 c - 8 rations
 z - a chunk of flesh


   Skills:
 + Level 4.9 Fighting
 - Level 9.0 Axes
 - Level 1.5 Throwing
 - Level 1.3 Armour
 - Level 1.3 Dodging
 - Level 3.4 Evocations


You had 7 spell levels left.
You didn't know any spells.
Your spell library contained the following spells:

 Spells                   Type           Power        Failure   Level  Hunger
 Infusion                 Chrm           #...         50%         1    ##.....


Dungeon Overview and Level Annotations

Branches:
Dungeon (6/15)             Temple (0/1) D:6

Altars:
Dithmenos
Fedhas
Kikubaaqudgha
Makhleb
Sif Muna
Vehumet
Xom

Annotations:
D:5 letownia2's ghost, novice DsTm


Innate Abilities, Weirdness & Mutations

You have hooves in place of feet.
Armour fits poorly on your strangely shaped body.
You cover ground very quickly.
You have extremely tough skin. (AC +3)


Message History

Letownia2's ghost is severely damaged.
You slash the ice beast!
You closely miss the killer bee simulacrum.
The killer bee simulacrum hits you.
* * * LOW HITPOINT WARNING * * *
The killer bee simulacrum freezes you.
* * * LOW HITPOINT WARNING * * *
You closely miss letownia2's ghost.
Letownia2's ghost is severely damaged.
You closely miss the killer bee simulacrum.
You barely miss the ice beast. Letownia2's ghost hits you!
* * * LOW HITPOINT WARNING * * *
The killer bee simulacrum hits you but does no damage.
The ice beast misses you.
You barely miss letownia2's ghost. Your kick misses letownia2's ghost.
Letownia2's ghost is severely damaged.
You completely miss the ice beast.
You closely miss the killer bee simulacrum.
The killer bee simulacrum hits you.
You die...

##.##.............##.##
##.#..###'''###.....#.#
##...##.......##.###.#
##..##.........#..##.#
##..#..........##.##.#
##. #....####...#..#.#
##.#...###($##..##.#.#
.. #..##.....##ZY#.#.#
#..#..#...=.? #.@#.#.#
#.##..#..... #W§#.#.# #
......###..##.#.#
.ZWZY....#..#.#
####...##.##.#
..####..#####..##.#
#.............###.#
..............## #.#
.###########..# #.##


You could see an ice beast, letownia2's ghost and a killer bee simulacrum.

Vanquished Creatures
  Duvessa (D:6)
  An orc warrior (D:6)
  3 phantoms
  A centaur (D:6)
  Blork the orc (D:6)
  2 bullfrogs (D:6)
  Dowan (D:6)
  A howler monkey (D:6)
  3 crimson imps
  A bullfrog zombie (D:5)
  A centaur zombie (D:6)
  5 hounds
  An orc wizard (D:5)
  2 orc priests (D:6)
  Natasha (D:3)
  3 worker ants
  A centaur simulacrum (D:5)
  A hound skeleton (D:4)
  11 gnolls
  5 adders
  A shadow imp (D:5)
  A worker ant simulacrum (D:5)
  2 adder skeletons
  2 dart slugs
  A leopard gecko (D:2)
  12 orcs
  4 giant cockroaches
  6 goblins
  8 hobgoblins
  2 jackals (D:1)
  4 kobolds
  3 quokkas
  A ball python (D:3)
  5 bats
  6 frilled lizards
  A leopard gecko zombie (D:6)
  A quokka simulacrum (D:5)
  A quokka zombie (D:5)
  5 rats
112 creatures vanquished.

Notes
Turn   | Place    | Note
-------+----------+-------------------------------------------
     0 | D:1      | Lavandula the Centaur Berserker began the quest for the Orb.
     0 | D:1      | Reached XP level 1. HP: 19/19 MP: 1/1
    71 | D:1      | Reached skill level 3 in Axes
    72 | D:1      | Reached XP level 2. HP: 26/26 MP: 2/2
   322 | D:2      | Reached XP level 3. HP: 22/31 MP: 3/3
   325 | D:2      | Reached skill level 4 in Axes
   523 | D:3      | Reached XP level 4. HP: 26/38 MP: 4/4
   562 | D:3      | Reached ** piety under Trog
   821 | D:3      | Noticed Natasha
   829 | D:3      | Killed Natasha
   829 | D:3      | Reached skill level 5 in Axes
   854 | D:3      | Reached XP level 5. HP: 45/45 MP: 5/5
   931 | D:3      | Found a deep blue altar of Sif Muna.
   931 | D:3      | Found an ancient bone altar of Kikubaaqudgha.
   936 | D:3      | Found a radiant altar of Vehumet.
   940 | D:3      | Identified Sif Muna's Almanac of Enhancements
  1018 | D:4      | Found a shadowy altar of Dithmenos.
  1018 | D:4      | Noticed a phantom
  1061 | D:4      | Killed a phantom
  1061 | D:4      | Reached skill level 6 in Axes
  1061 | D:4      | Reached XP level 6. HP: 39/51 MP: 6/6
  1196 | D:5      | Entered Level 5 of the Dungeon
  1288 | D:5      | Reached skill level 1 in Throwing
  1365 | D:5      | Found a runed gate.
  1365 | D:5      | Found a runed gate.
  1367 | D:5      | Found a runed gate.
  1410 | D:5      | Reached skill level 1 in Evocations
  1633 | D:5      | Noticed letownia2's ghost (novice DsTm)
  1635 | D:5      | Noticed an ice beast
  1696 | D:6      | Noticed Blork the orc
  1722 | D:6      | Reached XP level 7. HP: 42/57 MP: 8/8
  1846 | D:6      | Reached *** piety under Trog
  1848 | D:6      | Killed Blork the orc
  1849 | D:6      | Reached skill level 7 in Axes
  2057 | D:6      | Reached skill level 8 in Axes
  2057 | D:6      | Reached XP level 8. HP: 31/63 MP: 10/10
  2232 | D:6      | Found a staircase to the Ecumenical Temple.
  2264 | D:6      | Reached skill level 9 in Axes
  2421 | D:6      | Found a burning altar of Makhleb.
  2421 | D:6      | Found a blossoming altar of Fedhas.
  2423 | D:6      | Found a shimmering altar of Xom.
  2445 | D:6      | Noticed Duvessa
  2445 | D:6      | Noticed Dowan
  2455 | D:6      | Killed Duvessa
  2462 | D:6      | Killed Dowan
  2596 | D:5      | HP: 4/100 [letownia2's ghost (7)]
  2597 | D:5      | Slain by a killer bee simulacrum

Skill      XL: |  1  2  3  4  5  6  7  8 |
---------------+-------------------------+-----
Axes           | 3 4 5 6 8 9 |  9.0
Throwing       | 1 |  1.5
Evocations     | 2 3 |  3.4
Fighting       | 4 |  4.9
Armour         | |  1.3
Dodging        | |  1.3

Action                   |  1- 3 |  4- 6 |  7- 9 || total
-------------------------+-------+-------+-------++-------
Melee: Hand axe          |    45 |   141 |    75 ||   261
       Kick              |     6 |    24 |    28 ||    58
       Spear             |       |       |    27 ||    27
Throw: Tomahawk          |       |     3 |     3 ||     6
Invok: Berserk           |     3 |     5 |     6 ||    14
       Trog's Hand       |       |       |     2 ||     2
Evoke: Wand              |       |       |     1 ||     1
  Use: Scroll            |       |     6 |       ||     6
  Eat: Chunk             |     1 |     7 |     5 ||    13
       Ration            |       |       |     1 ||     1
Armor: Animal skin       |    12 |    16 |       ||    28
       Leather armour    |       |    56 |    25 ||    81
Dodge: Dodged            |    24 |    76 |    59 ||   159
